 Dungeon Crawl Stone Soup version 0.30-a0-335-ge5acde7520 (webtiles) character file.

Game seed: 11041566294253462370

26 sanka the Caller (level 3, 0/36 HPs)
             Began as a Barachi Summoner on Oct 30, 2022.
             Slain by Natasha (4 damage)
             ... on level 2 of the Dungeon.
             The game lasted 00:02:34 (801 turns).

sanka the Caller (Barachi Summoner)                  Turns: 801, Time: 00:02:34

Health: 0/36       AC: 21    Str:  9    XL:     3   Next: 8%
Magic:  4/7        EV:  2    Int: 17    God:
Gold:   28         SH:  0    Dex: 12    Spells: 5/8 levels left

rFire   + . .      SeeInvis .    h - +1 spear (vamp)
rCold   + . .      Faith    .    (no shield)
rNeg    . . .      Spirit   .    (body armour currently unavailable)
rPois   +          Reflect  .    (helmet currently unavailable)
rElec   +          Harm     .    (cloak currently unavailable)
rCorr   +          Rampage  .    (gloves currently unavailable)
Will    .....      NoTele   +    (boots currently unavailable)
Stlth   ++........               (no amulet)
HPRegen 0.26/turn                (no ring)
MPRegen 0.10/turn                (no ring)

@: brilliant, tree-form, resistant, slowed, very slow
A: stationary, stasis, torment immunity, boosted hp, (amphibious), (slowness 1),
(strong legs 1), +LOS
a: no special abilities


You were on level 2 of the Dungeon.
You were a tree.
You visited 1 branch of the dungeon, and saw 2 of its levels.

You collected 28 gold pieces.


Innate Abilities, Weirdness & Mutations

You are a tree.
Your roots penetrate the ground, keeping you stationary.
You cannot be teleported.
You are immune to unholy pain and torment.
Your maximum health is greatly increased.
Your equipment is partially melded.
((You are amphibious.))
((You cover ground slowly.))
((You can hop short distances.))
You have an extended range of vision and can be seen from far away.


   Skills:
 - Level 2.1 Dodging
 - Level 1.7 Stealth
 - Level 3.0 Spellcasting
 + Level 5.4 Summonings


You had 5 spell levels left.
You knew the following spells:

 Your Spells              Type           Power      Damage    Failure   Level
x - Call Imp              Summ           31%        N/A       2%          2
z - Summon Small Mammal   Summ           100%       N/A       1%          1

Your spell library contained the following spells:

 Spells                   Type           Power      Damage    Failure   Level
 Call Canine Familiar     Summ           31%        N/A       5%          3
 Summon Guardian Golem    Hex/Summ       17%        N/A       17%         3
 Sublimation of Blood     Necr           3%         N/A       26%         2
 Wereblood                Tmut           3%         N/A       26%         2
 Inner Flame              Hex/Fire       3%         N/A       45%         3
 Summon Lightning Spire   Summ/Air       17%        N/A       50%         4
 Flame Wave               Conj/Fire      3%         2d5       86%         4
 Sticky Flame             Conj/Fire      3%         2d3       86%         4
 Summon Hydra             Summ           15%        N/A       100%        7

Inventory:

Hand Weapons
 g - a +0 hand axe
 h - a +1 vampiric spear (weapon)
Armour
 a - a +0 robe (melded)
Scrolls
 c - a scroll of poison {unknown}
 e - a scroll of fear {unknown}
 f - a scroll of fog {unknown}
 j - a scroll of enchant weapon {unknown}
 m - a scroll of teleportation {unknown}
Potions
 b - a potion of magic
 i - a potion of attraction {unknown}
 k - a potion of lignification {!q}

Dungeon Overview and Level Annotations

Branches:
Dungeon (2/15)

Altars:

Annotations:
D:2 Natasha

▒. .. .▒▒ ..▒ ...
▒.▒ ▒.▒ ▒#▒ ▒♣▒
..▒ ▒h▒ ▒.▒ ▒5▒
▒.. ▒.▒ ▒.▒ ▒..▒
▒.▒▒▒#▒▒ ▒..▒
▒.▒▒...▒▒ ▒...
▒.▒.)...▒ ▒ ▒..▒
▒.▒.....▒
▒.▒..▒▒▒▒.▒.....▒


You could see Natasha and a crimson imp (summoned).


Message History

Your crimson imp barely misses Natasha.
Natasha casts a spell at you. The magic dart hits you!
* * * LOW HITPOINT WARNING * * *
It was a potion of lignification.
You turn into a tree.
Your roots penetrate the ground.
Your crimson imp misses Natasha.
Natasha barely misses you.
It was a potion of brilliance.
You feel clever all of a sudden. Natasha claws you but does no damage.
Natasha mumbles some strange words.
It was a potion of resistance.
You feel protected. Natasha casts a spell at you.
The magic dart hits you but does no damage.
The crimson imp hits you but does no damage.
You barely miss Natasha.
Natasha is heavily wounded.
Natasha claws you but does no damage.
The crimson imp hits you but does no damage.
The crimson imp blinks!
Natasha stares at you and mumbles some strange words.
The magic dart hits you but does no damage.
Unknown command.
You barely miss Natasha.
Natasha is heavily wounded.
Natasha claws you.
You die...

Action                   || total
-------------------------++-------
Melee: Spear             ||    45
 Cast: Summon Small Mamm ||    26
       Call Imp          ||     3
  Use: Potion            ||     3
 Stab: Sleeping          ||     1
Armor: Robe              ||     8
       Skin              ||     6
Dodge: Dodged            ||    33

Levels and vault maps discovered:
D:1:      evilmike_arrival_hilbert_curve, layout_rooms
D:2:      layout_loops_ring, uniq_natasha

Notes
Turn   | Place    | Note
-------+----------+-------------------------------------------
     0 | D:1      | sanka the Barachi Summoner began the quest for the Orb.
     0 | D:1      | Reached XP level 1. HP: 13/13 MP: 3/3
   172 | D:1      | Reached skill level 5 in Summonings
   248 | D:1      | Reached XP level 2. HP: 19/19 MP: 2/5
   288 | D:1      | Learned a level 2 spell: Call Imp
   719 | D:2      | Noticed Natasha
   723 | D:2      | Reached XP level 3. HP: 20/24 MP: 4/7
   726 | D:2      | Reached skill level 3 in Spellcasting
   796 | D:2      | HP: 1/24 [Natasha/magic dart (11)]
   799 | D:2      | Identified a potion of resistance
   801 | D:2      | Slain by Natasha

Vanquished Creatures
  A dart slug (D:1)
  2 ball pythons (D:1)
  2 endoplasms (D:1)
  3 kobolds (D:1)
  2 rats
10 creatures vanquished.

Vanquished Creatures (collateral kills)
  A ball python (D:2)
  3 endoplasms
  3 goblins
  A hobgoblin (D:2)
  2 quokkas (D:1)
  A bat (D:1)
  A frilled lizard (D:1)
12 creatures vanquished.

Grand Total: 22 creatures vanquished
